 Dungeon Sprint DCSS version 0.28-a0-1087-gf3fc490d9d (webtiles) character file.

Game seed: 461048151547741255

1325 rocky1 the Geomancer (level 8, -2/41 HPs)
             Began as a Deep Elf Earth Elementalist on Dec 11, 2021.
             Was a High Priest of Sif Muna.
             Succumbed to a swamp dragon's poison gas
             ... in the Dungeon (Sprint VII: "The Pits").
             The game lasted 00:07:08 (1369 turns).

rocky1 the Geomancer (Deep Elf Earth Elementalist)  Turns: 1369, Time: 00:07:09

Health: -2/41      AC:  2    Str:  5    XL:     8   Next: 34%
Magic:  11/22      EV: 12    Int: 23    God:    Sif Muna [*****.]
Gold:   0          SH:  0    Dex: 15    Spells: 17/24 levels left

rFire   . . .      SeeInvis .   m - +1 quarterstaff (protect)
rCold   . . .      Faith    .   (shield currently unavailable)
rNeg    . . .      Spirit   .   b - +0 robe
rPois   .          Reflect  .   (no helmet)
rElec   .          Harm     .   (no cloak)
rCorr   .          Rampage  .   (no gloves)
Will    .....      NoTele   +   (no boots)
Stlth   ++........              (no amulet)
HPRegen 0.13/turn               (no ring)
MPRegen 0.18/turn               (no ring)

@: lethally poisoned (-2 -> -22), invisible
A: no striking features
a: Renounce Religion, Channel Magic, Forget Spell, Divine Exegesis


You were in the Dungeon.
You worshipped Sif Muna.
Sif Muna was extremely pleased with you.
You visited 1 branch

Inventory:

Hand Weapons
 a - a +4 dagger of electrocution
 m - a +1 quarterstaff of protection (weapon)
 o - a +2 scimitar of flaming
Missiles
 i - 19 stones
Armour
 b - a +0 robe (worn)
Scrolls
 h - a scroll of blinking
 k - 5 scrolls of amnesia
 l - a scroll of summoning
Potions
 c - 5 potions of curing
 d - 5 potions of heal wounds
 e - a potion of haste
 f - 4 potions of magic
 g - 3 potions of berserk rage
 j - a potion of invisibility
 n - a potion of cancellation {unknown}


   Skills:
 - Level 2.4 Dodging
 - Level 2.4 Stealth
 + Level 8.7 Spellcasting
 + Level 6.7 Conjurations
 + Level 6.8 Transmutations
 + Level 14.5 Earth Magic
 + Level 8.2 Invocations


You had 17 spell levels left.
You knew the following spells:

 Your Spells              Type           Power      Damage    Failure   Level
a - Sandblast             Erth           100%       2d20      0%          1
b - Stone Arrow           Conj/Erth      100%       3d13      1%          3
c - Ignite Poison         Fire/Tmut/Pois 20%        N/A       8%          3

Your spell library contained the following spells:

 Spells                   Type           Power      Damage    Failure   Level
 Beastly Appendage        Tmut           82%        N/A       1%          1
 Passwall                 Tmut/Erth      46%        N/A       1%          2
 Petrify                  Tmut/Erth      56%        N/A       1%          4
 Blade Hands              Tmut           20%        N/A       11%         5
 Portal Projectile        Hex/Tloc       20%        N/A       19%         3


Dungeon Overview and Level Annotations

Branches:
Dungeon (1/1)

Altars:
Ashenzari
Cheibriados
Dithmenos
Elyvilon
Fedhas
Gozag
Hepliaklqana
Kikubaaqudgha
Makhleb
Nemelex Xobeh
Okawaru
Qazlal
Ru
Sif Muna
Trog
Uskayaw
Vehumet
Wu Jian
Xom
Yredelemnul
Zin
The Shining One
Beogh
Jiyva
Lugonu


Message History

Aim: a tarantella (66% to hit)
The stone arrow hits the tarantella!
The tarantella is moderately wounded.
The tarantella touches you.
Unknown command.
Casting: Stone Arrow (safe; 1% risk of failure)
Confirm with . or Enter, or press ? or * to list all spells.
Aiming: Stone Arrow (safe; 1% risk of failure)
Press: ? - help, Shift-Dir - straight line, f/p - tarantella
Aim: a tarantella (moderately wounded, 66% to hit)
The stone arrow hits the tarantella!!
You kill the tarantella!
Sif Muna accepts your kill.
Your Invocations skill increases to level 8!
Casting: Stone Arrow (safe; 1% risk of failure)
Confirm with . or Enter, or press ? or * to list all spells.
Aiming: Stone Arrow (safe; 1% risk of failure)
Press: ? - help, Shift-Dir - straight line, f - swamp dragon
Aim: a swamp dragon (87% to hit)
The stone arrow hits the swamp dragon!
The swamp dragon is lightly wounded.
The swamp dragon bites you!
* * * LOW HITPOINT WARNING * * *
The swamp dragon closely misses you. x2
You feel much better.
The swamp dragon breathes poison at you.
The blast of poison misses you.
The water moccasin hisses angrily.
Unknown command.
You are poisoned.
You feel very sick.
There is an open door here.
You are more poisoned.
* * * LOW HITPOINT WARNING * * *
x2 You feel very sick.
There is an open door here.
Unknown command.
You feel better.
You are lethally poisoned!
* * * LOW HITPOINT WARNING * * *
You die...

#)#....))[.##.......#
#'###########.......#
#.[.....#.. #########
#..#.#..#.######
#.##.##.#○#....#
#...†...#○#S...#
#.##.##.#○○○...+
#..#.#..#D#☼...#
#.......@○#....#
################


You could see a swamp dragon (wandering) and a water moccasin (wandering).

Vanquished Creatures
  An efreet (D)
  A flying skull (D)
  A tarantella (D)
  Sigmund (D)
  Edmund (D)
  A floating eye (D)
  A black bear (D)
  An ice beast (D)
  A sky beast (D)
  An ogre (D)
  A gnoll (D)
  A river rat (D)
  An ufetubus (D)
  An orc (D)
  A giant cockroach (D)
  6 jackals (D)
  A kobold (D)
  2 ball pythons (D)
  A ball python zombie (D)
  A frilled lizard (D)
  A quokka skeleton (D)
27 creatures vanquished.

Notes
Turn   | Place    | Note
-------+----------+-------------------------------------------
     0 | D        | rocky1 the Deep Elf Earth Elementalist began the quest for
                  | the Orb.
     0 | D        | Reached XP level 1. HP: 10/10 MP: 6/6
    49 | D        | Found a bloodstained altar of Trog.
    49 | D        | Found a shimmering blue altar of Sif Muna.
    49 | D        | Found a viscous altar of Jiyva.
    49 | D        | Found a hazy altar of Hepliaklqana.
    49 | D        | Found an opulent altar of Gozag.
    50 | D        | Found a glowing golden altar of the Shining One.
    50 | D        | Found a glowing silver altar of Zin.
    50 | D        | Found a basalt altar of Yredelemnul.
    50 | D        | Found a shimmering altar of Xom.
    50 | D        | Found an ornate altar of the Wu Jian Council.
    50 | D        | Found a sacrificial altar of Ru.
    50 | D        | Found a stormy altar of Qazlal.
    50 | D        | Found an iron altar of Okawaru.
    50 | D        | Found a sparkling altar of Nemelex Xobeh.
    50 | D        | Found a burning altar of Makhleb.
    50 | D        | Found a blossoming altar of Fedhas.
    50 | D        | Found a white marble altar of Elyvilon.
    50 | D        | Found a shadowy altar of Dithmenos.
    50 | D        | Found a snail-covered altar of Cheibriados.
    53 | D        | Found a corrupted altar of Lugonu.
    53 | D        | Found a radiant altar of Vehumet.
    54 | D        | Found an ancient bone altar of Kikubaaqudgha.
    54 | D        | Found a hide-covered altar of Uskayaw.
    54 | D        | Found a broken altar of Ashenzari.
    55 | D        | Became a worshipper of Sif Muna the Loreminder
    72 | D        | Reached skill level 4 in Earth Magic
   173 | D        | Reached * piety under Sif Muna
   204 | D        | Reached skill level 5 in Earth Magic
   230 | D        | Reached ** piety under Sif Muna
   237 | D        | Reached XP level 2. HP: 12/15 MP: 5/8
   249 | D        | Reached *** piety under Sif Muna
   250 | D        | Reached skill level 6 in Earth Magic
   251 | D        | Reached skill level 7 in Earth Magic
   422 | D        | Noticed Sigmund
   422 | D        | Noticed a floating eye
   428 | D        | Killed Sigmund
   429 | D        | Reached skill level 12 in Earth Magic
   429 | D        | Reached XP level 3. HP: 19/19 MP: 6/9
   429 | D        | Reached XP level 4. HP: 24/24 MP: 6/10
   429 | D        | Reached XP level 5. HP: 28/28 MP: 6/11
   430 | D        | Noticed a sky beast
   436 | D        | Killed a sky beast
   436 | D        | Reached **** piety under Sif Muna
   438 | D        | Reached skill level 13 in Earth Magic
   596 | D        | Learned a level 3 spell: Stone Arrow
   600 | D        | Killed a floating eye
   601 | D        | Reached skill level 5 in Invocations
   601 | D        | Reached XP level 6. HP: 32/32 MP: 10/14
   607 | D        | Noticed a flying skull
   611 | D        | Killed a flying skull
   612 | D        | Reached skill level 5 in Spellcasting
   612 | D        | Reached XP level 7. HP: 33/36 MP: 8/17
   620 | D        | Reached ***** piety under Sif Muna
   814 | D        | Noticed an efreet
   818 | D        | Killed an efreet
   818 | D        | Received a gift from Sif Muna
   819 | D        | Reached skill level 5 in Conjurations
   819 | D        | Reached skill level 5 in Transmutations
   819 | D        | Reached skill level 14 in Earth Magic
   947 | D        | Got Sif Muna's Papyrus of the Mutagenic Traveller {god
                  | gift}
   951 | D        | Noticed Edmund
   954 | D        | Killed Edmund
   959 | D        | Reached XP level 8. HP: 16/41 MP: 15/22
  1252 | D        | Noticed a swamp dragon
  1258 | D        | Learned a level 3 spell: Ignite Poison
  1365 | D        | HP: 1/41 [swamp dragon (16)]
  1369 | D        | Succumbed to a swamp dragon's poison gas

Illustrated notes

Levels and vault maps discovered:
D:        pitsprint [storerooms_1, entrance_room_1, metal_vault_5, armoury_2,
          mini_pit_1, grid_room_1, main_hall_1, silver_pit, the_coven_1,
          the_vestibule_1, steel_vault_1, golden_pit, hallway_of_sentries,
          crystal_vault_1, iron_vault_4, final_vault]

Skill      XL: |  1  2  3  4  5  6  7  8 |
---------------+-------------------------+-----
Earth Magic    | 5 12 13 14 | 14.5
Invocations    | 5 6 7 8 |  8.2
Spellcasting   | 4 5 8 |  8.7
Conjurations   | 2 3 6 |  6.7
Transmutations | 2 4 6 |  6.8
Dodging        | |  2.4
Stealth        | |  2.4

Action                   |  1- 3 |  4- 6 |  7- 9 || total
-------------------------+-------+-------+-------++-------
Melee: Quarterstaff      |    17 |     1 |     7 ||    25
       Unarmed           |     5 |       |       ||     5
 Cast: Sandblast         |    10 |    10 |     5 ||    25
       Stone Arrow       |       |       |    14 ||    14
       Ignite Poison     |       |       |     1 ||     1
Invok: Channel Magic     |       |       |     1 ||     1
  Use: Potion            |       |       |     3 ||     3
 Stab: Sleeping          |     2 |       |       ||     2
Armor: Robe              |     5 |     3 |     2 ||    10
Dodge: Dodged            |    16 |     1 |    19 ||    36

Table legend: (Time is in decaauts)
 A = Elapsed time spent in this place.
 B = Non-inter-level travel time spent in this place.
 C = Inter-level travel time spent in this place.
 D = Time resting spent in this place.
 E = Time spent auto-exploring this place.
 F = Levels seen in this place.
 G = Mean time per level.
                   A        B        C        D        E       F      G
               +--------+--------+--------+--------+--------+-----+--------+
         Total |   1375 |   1375 |      0 |   1070 |      0 |   1 | 1375.0 |
       Dungeon |   1375 |   1375 |      0 |   1070 |      0 |   1 | 1375.0 |
               +--------+--------+--------+--------+--------+-----+--------+

Top non-repeatable levels by time:
       D: 1375 daAuts
